 Dungeon Crawl Stone Soup version 0.20.1-1-g8b1a95d (webtiles) character file.

9 ConnectionFaild the Stinger (level 2, 0/17 HPs)
             Began as an Octopode Venom Mage on Aug 3, 2017.
             Slain by a goblin (3 damage)
             ... on level 1 of the Dungeon.
             The game lasted 00:02:09 (710 turns).

ConnectionFaild the Stinger (Octopode Venom Mage)    Turns: 710, Time: 00:02:11

Health: 0/17       AC:  1    Str:  7    XL:     2   Next: 12%
Magic:  5/5        EV: 13    Int: 17    God:
Gold:   0          SH:  0    Dex: 12    Spells: 4/5 levels left

rFire    . . .     SeeInvis .   (no weapon)
rCold    . . .     Gourm    .   (no shield)
rNeg     . . .     Faith    .   (helmet restricted)
rPois    .         Spirit   .   (no amulet)
rElec    .         Reflect  .   (no ring)
rCorr    .         Harm     .   (no ring)
MR       .....                  (no ring)
Stlth    +++.......             (no ring)
Regen    0.1/turn               (no ring)
MPRegen  0.1/turn               (no ring)
                                (no ring)
                                (no ring)

@: no status effects
A: almost no armour, stealthy swim, amphibious, 8 rings, constrict 8, camouflage
1, gelatinous body 1
a: no special abilities


You were on level 1 of the Dungeon.
You were not hungry.

You visited 1 branch of the dungeon, and saw 1 of its levels.

Inventory:

Scrolls
 c - a scroll of remove curse {unknown}
Books
 a - a Young Poisoner's Handbook

   Spells                             Type                      Level
   a - Sting                          Conjuration/Poison           1
   b - Poisonous Vapours              Poison/Air                   2
   c - Mephitic Cloud                 Conjuration/Poison/Air       3
   d - Olgreb's Toxic Radiance        Poison                       4
   e - Venom Bolt                     Conjuration/Poison           5
Comestibles
 b - a bread ration


   Skills:
 - Level 2.0 Dodging
 + Level 3.4 Stealth
 - Level 2.0 Spellcasting
 - Level 1.0 Conjurations
 + Level 3.9 Poison Magic


You had 4 spell levels left.
You knew the following spells:

 Your Spells              Type           Power        Failure   Level  Hunger
a - Sting                 Conj/Pois      ##..         7%          1    #......


Dungeon Overview and Level Annotations

Branches:
Dungeon (1/15)

Altars:


Innate Abilities, Weirdness & Mutations

You cannot wear most types of armour.
You are very stealthy in the water. (Stealth+)
You are amphibious.
You can wear up to eight rings at the same time.
You can use your tentacles to constrict eight enemies at once.
Your skin changes colour to match your surroundings (Stealth+).
Your rubbery body absorbs attacks. (AC +1, EV +1)


Message History

The bat hits you. The bat barely misses you. The bat closely misses you.
The bat barely misses you.
You miss the bat. You grab the bat. You constrict the bat.
The bat hits you but does no damage.
The leopard gecko hisses menacingly.
You tentacle-slap the bat.
You kill the bat!
The bat hits you.
You barely miss the goblin. Your grab misses the goblin.
The bat closely misses you. The goblin hits you.
You closely miss the goblin. You grab the goblin. You constrict the goblin.
The bat hits you but does no damage. The goblin hits you.
You are too injured to fight recklessly!
You tentacle-slap the goblin. You squeeze the goblin.
The goblin is almost dead.
You constrict the goblin, but do no damage.
The bat hits you. The leopard gecko bites you.
* * * LOW HITPOINT WARNING * * *
The bat hits you but does no damage. The goblin hits you.
You die...

#<.#.# #.# ##.#.# #.# #
...#.# #.###..#
####.#.#.#######......#
.................# #..#
##############.#.#...
#..........#...#.#.##.#
#)########.#.#.#bl....#
#.#........#.#.#@#.##...
#.#.########.#.#g#.#
..#..........#.#........
################.#.###K.
...#.......... ..#.#
##.#.###....# ..# #
##[..#....".# ...#
#...........# ...#
#...........######


You could see a leopard gecko, a goblin and a bat.

Vanquished Creatures
  A leopard gecko (D:1)
  2 hobgoblins (D:1)
  3 bats (D:1)
  2 rats (D:1)
8 creatures vanquished.

Notes
Turn   | Place    | Note
-------+----------+-------------------------------------------
     0 | D:1      | ConnectionFaild the Octopode Venom Mage began the quest for the Orb.
     0 | D:1      | Reached XP level 1. HP: 11/11 MP: 3/3
   376 | D:1      | Reached XP level 2. HP: 3/17 MP: 5/5
   710 | D:1      | Slain by a goblin

Skill      XL: |  1 |
---------------+----+-----
Stealth        | 3 |  3.4
Dodging        | |  2.0
Spellcasting   | |  2.0
Conjurations   | |  1.0
Poison Magic   | |  3.9

Action                   || total
-------------------------++-------
Melee: Unarmed           ||    30
       Constrict         ||     8
       Tentacles         ||     5
 Stab: Sleeping          ||     2
Armor: Skin              ||    10
Dodge: Dodged            ||    20
